 Dungeon Crawl Stone Soup version 0.31-a0-819-gf6de2f5ab6 (webtiles) character file.

Game seed: 11736375187347354815

184122 pokeman the Sorcerer (level 17, -1/93 HPs)
             Began as a Deep Elf Hedge Wizard on Sept 23, 2023.
             Was the Champion of Vehumet.
             Succumbed to a naga mage's splash of poison
             ... in an ice cave.
             The game lasted 01:37:46 (36931 turns).

pokeman the Sorcerer (Deep Elf Hedge Wizard)       Turns: 36931, Time: 01:37:47

Health: -1/93      AC: 17    Str:  7    XL:     17   Next: 38%
Magic:  17/46      EV: 11    Int: 28    God:    Vehumet [******]
Gold:   3193       SH:  6    Dex: 14    Spells: 21/63 levels left

rFire   + + .        Z - staff of fire
rCold   + + .        f - +0 buckler
rNeg    . . .        x - +0 swamp dragon scales
rPois   +            w - +2 hat {SInv}
rElec   .            b - scarf {rC+ rF+}
rCorr   .            T - +2 pair of gloves {Stlth+}
SInv    +            Q - +2 pair of boots
Will    +....        m - amulet of regeneration
Stlth   +++          t - ring of protection from cold
HPRegen 1.15/turn    M - ring of flight
MPRegen 0.30/turn

%: no passive effects
@: lethally poisoned (-1 -> -9), flying, studying Polearms
A: no striking features
}: 1/15 runes: decaying
a: Renounce Religion


You were in an ice cave.
You worshipped Vehumet.
Vehumet was exalted by your worship.
You visited 6 branches of the dungeon, and saw 28 of its levels.
You also visited: Ossuary, Bailey, Ice Cave and Volcano.

You collected 3543 gold pieces.
You spent 350 gold pieces at shops.

Inventory:

Hand Weapons
 s - the +10 spear "Olozigalli" {vamp, rF+ rN+ Int-3}
   (You found it on level 2 of the Swamp)

   Int-3:     It affects your intelligence (-3).
   rF+:       It protects you from fire.
   rN+:       It protects you from negative energy.
Missiles
 u - 2 curare-tipped darts
 v - 2 throwing nets
Armour
 b - a scarf of resistance (worn)
 f - a +0 buckler (worn)
 l - a +0 cloak
 w - a +2 hat of see invisible (worn)
 x - +0 swamp dragon scales (worn)
 L - a +2 ring mail of cold resistance
 Q - a +2 pair of boots (worn)
 T - a +2 pair of gloves of stealth (worn)
 W - +0 acid dragon scales
Magical Staves
 Z - a staff of fire (weapon)
Jewellery
 m - an amulet of regeneration (around neck)
 t - a ring of protection from cold (left hand)
 I - a ring of protection from cold
 K - a ring of poison resistance
 M - a ring of flight (right hand)
Wands
 g - a wand of charming (12)
 i - a wand of polymorph (5)
 k - a wand of flame (14)
 q - a wand of iceblast (17)
 E - a wand of digging (7)
 Y - a wand of quicksilver (8)
Scrolls
 a - 2 scrolls of amnesia
 j - a scroll of poison
 n - a scroll of vulnerability
 o - 13 scrolls of teleportation
 p - a scroll of immolation
 r - 3 scrolls of revelation
 D - a scroll of blinking
 X - 4 scrolls of fog
Potions
 c - 7 potions of haste
 d - 5 potions of magic
 e - 2 potions of attraction
 h - 9 potions of curing
 A - a potion of resistance
 C - 7 potions of heal wounds
 O - 3 potions of brilliance
 P - a potion of experience
 R - 6 potions of might
Miscellaneous
 y - a phantom mirror
 z - a box of beasts


   Skills:
 - Level 6.0 Fighting
 + Level 5.3 Armour
 - Level 5.1 Dodging
 - Level 4.1 Stealth
 - Level 8.0 Shields
 * Level 23.9 Spellcasting
 + Level 14.8 Conjurations
 - Level 1.1 Summonings
 - Level 1.1 Translocations
 - Level 1.0 Transmutations
 + Level 12.9 Fire Magic
 - Level 1.0 Ice Magic
 - Level 1.0 Air Magic
 + Level 14.2 Earth Magic
 - Level 1.1 Poison Magic
 - Level 1.0 Evocations


You had 21 spell levels left.
You knew the following spells:

 Your Spells              Type           Power      Damage    Failure   Level
a - Magic Dart            Conj           100%       1d8       0%          1
b - Mephitic Cloud        Conj/Pois/Air  60%        N/A       1%          3
c - Call Imp              Summ           78%        N/A       4%          2
d - Blink                 Tloc           78%        N/A       4%          2
e - Stone Arrow           Conj/Erth      100%       3d13      1%          3
f - Fireball              Conj/Fire      52%        3d20      1%          5
g - Iskenderun's Battles  Conj           86%        2d13      1%          5
h - Orb of Destruction    Conj           43%        9d12      2%          7
i - Ignite Poison         Fire/Tmut/Pois 75%        N/A       1%          3
j - Starburst             Conj/Fire      52%        6d14      1%          6
k - Freezing Cloud        Conj/Ice/Air   30%        6-21      3%          5

Your spell library contained the following spells:

 Spells                   Type           Power      Damage    Failure   Level
 Spellforged Servitor     Conj/Summ      33%        N/A       32%         7
 Searing Ray              Conj           100%       2d8       0%          2
 Freeze                   Ice            100%       1d10      1%          1
 Poisonous Vapours        Pois/Air       78%        N/A       1%          2
 Static Discharge         Conj/Air       100%       2-7/arc   1%          2
 Dazzling Flash           Conj/Hex       100%       N/A       1%          3
 Hailstorm                Conj/Ice       67%        3d14      1%          3
 Volatile Blastmotes      Fire/Tloc      100%       2d18      1%          3
 Animate Armour           Summ/Erth      100%       N/A       1%          4
 Brom's Barrelling Bould  Conj/Erth      86%        2d10      1%          4
 Fulminant Prism          Conj/Hex       33%        3d15      1%          4
 Arcjolt                  Conj/Air       33%        1d43      1%          5
 Sting                    Tmut/Pois      100%       1d8       2%          1
 Summon Small Mammal      Summ           100%       N/A       2%          1
 Frozen Ramparts          Ice            78%        1d12      2%          3
 Slow                     Hex            100%       N/A       4%          1
 Cigotuvi's Dreadful Rot  Necr/Pois/Air  74%        N/A       4%          2
 Airstrike                Air            19%        2d(3-19)  7%          4
 Olgreb's Toxic Radiance  Pois           40%        N/A       7%          4
 Conjure Ball Lightning   Conj/Air       33%        3x3d11    7%          6
 Call Canine Familiar     Summ           39%        N/A       8%          3
 Ozocubu's Armour         Ice            39%        N/A       9%          3
 Summon Guardian Golem    Hex/Summ       36%        N/A       10%         3
 Lehudib's Crystal Spear  Conj/Erth      43%        10d10     17%         8
 Summon Lightning Spire   Summ/Air       39%        N/A       26%         4
 Animate Dead             Necr           33%        N/A       38%         4
 Metabolic Englaciation   Hex/Ice        18%        N/A       67%         5
 Simulacrum               Ice/Necr       18%        N/A       99%         6
 Haunt                    Necr/Summ      18%        N/A       100%        7
 Infestation              Necr           16%        N/A       100%        8
 Maxwell's Capacitive Co  Air            19%        ∞         100%        8


Dungeon Overview and Level Annotations

Branches:
Dungeon (15/15)            Temple (1/1) D:7            Lair (5/5) D:11
  Swamp (4/4) Lair:2        Snake (1/4) Lair:3        Slime (0/5) Lair:4
    Orc (2/2) D:12            Elf (0/3) Orc:2        Vaults (0/5) D:14
 Depths (0/4) D:15        Ossuary (visited)          Bailey (visited)
  IceCv (1/1)             Volcano (visited)

Altars:
Ashenzari
Cheibriados
Dithmenos
Elyvilon
Fedhas
Gozag
Hepliaklqana
Kikubaaqudgha
Makhleb
Nemelex Xobeh
Okawaru
Qazlal
Ru
Sif Muna
Trog
Uskayaw
Vehumet
Wu Jian
Xom
Yredelemnul
Zin
The Shining One
Jiyva

Shops:
Orc:2 **(:   Snake:1 *[

Portals:
Pandemonium: Orc:2

Annotations:
Swamp:1 3 runed translucent doors, Leufodd's ghost, adept VSCK; Ozxa's ghost, adept DjCA; Vutso's ghost, adept DsSh
Snake:1 exclusion: 2 ice statues, Asterion


Message History

Okay, then.
Unknown command.
Blink to where?
Press: ? - help, Dir - move target You escape the naga ritualist's grasp. 2 ice statues, a naga sharpshooter and a naga come into view.
Found 7 stones, 47 gold pieces, a glowing whip and a potion of enlightenment.
Found a frozen archway.
As you read the scroll of blinking, it crumbles to dust.
You feel very sick.
The naga shouts!
* * * LOW HITPOINT WARNING * * *
The naga ritualist calls down the wrath of its god upon you.
You easily resist.
The ice statue gestures at you. The bolt of cold misses you.
Marking area around 2 ice statues as unsafe for travelling.
You feel very sick.
* * * LOW HITPOINT WARNING * * *
You are more poisoned.
The naga sharpshooter spits poison at you.
The splash of poison misses you.
The splash of poison hits the ice statue but does no damage.
There is a frozen archway here.
You feel sick.
The naga sharpshooter unwields a +0 short sword.
The naga sharpshooter wields a +0 shortbow.
The naga sharpshooter shoots an arrow.
The arrow hits you!
* * * LOW HITPOINT WARNING * * *
The naga mage spits poison at you.
The splash of poison hits you but does no damage.
You are more poisoned.
You resist. The ice statue gestures at you. The freezing blast misses you.
The ice statue gestures.
The naga sharpshooter shouts!
The world spins around you as you enter the gateway.
You enter an ice cave!
You die...

## .#
#.# ..#
###..#
##...#
#..@.#
##....#
#..∩.#
##..##
####


There were no monsters in sight!

Vanquished Creatures
  Gastronok (Lair:2)
  The ghost of Umuuc the Bludgeoner, a journeyman DsGl of Hepliaklqana (D:15)
  3 eleionomae
  2 bunyips (Swamp:2)
  A fire dragon (D:14)
  Snorg (D:13)
  4 vault guards (D:14)
  The ghost of abessonov the Summoner, a journeyman TeSu of Dithmenos (D:12)
  4 catoblepae
  A ghost crab (Swamp:3)
  3 ogre magi
  34 hydras
  4 centaur warriors
  Erica (D:9)
  A demonspawn (Orc:2)
  4 boulder beetles
  10 alligators
  An anaconda (Snake:1)
  13 two-headed ogres
  A deep troll earth mage (D:15)
  4 tengu warriors
  9 orc high priests (Orc:2)
  Nergalle (Orc:1)
  8 spriggans
  9 skeletal warriors
  5 goliath frogs
  A hell knight (Volcano)
  10 swamp dragons
  A lindwurm (Lair:5)
  A bog body (Swamp:2)
  11 spriggan druids
  7 orc knights
  A wizard (D:14)
  Pikel (D:6)
  4 deep elf pyromancers
  A necromancer (Lair:3)
  3 orc sorcerers
  An oklob plant (D:11)
  21 ugly things
  3 manticores
  4 will-o-the-wisps
  10 black mambas
  4 elephants (Lair:4)
  11 cyclopes
  Joseph (D:9)
  A rust devil (Orc:2)
  A black mamba (shapeshifter) (D:13)
  Maggie (D:6)
  2 gargoyles
  2 torpor snails (Lair:5)
  16 cane toads
  A freezing wraith (D:15)
  An efreet (D:15)
  3 rime drakes
  9 komodo dragons
  A kobold demonologist (D:10)
  A tengu conjurer (D:14)
  3 yaktaurs (Volcano)
  A bloated husk (Swamp:3)
  7 trolls
  9 hornets
  14 polar bears
  Prince Ribbit (D:7)
  A hellwing (Orc:2)
  5 tyrant leeches
  A dream sheep (shapeshifter) (D:15)
  A raiju (Lair:5)
  A dream sheep (Lair:5)
  20 blink frogs
  11 slime creatures
  5 wyverns
  3 vampires
  A wraith (D:10)
  3 shadows
  A golden eye (shapeshifter) (D:5)
  3 steam dragons (D:8)
  3 basilisks
  61 yaks
  13 vampire mosquitoes
  A neqoxec (Orc:2)
  A redback (shapeshifter) (D:14)
  7 wargs
  19 swamp worms
  Edmund (D:5)
  5 nagas
  3 acid dragons
  12 water moccasins
  16 hell hounds (Lair:5)
  8 swamp drakes
  14 black bears
  A floating eye (shapeshifter) (D:14)
  2 ice beasts
  32 orc warriors
  An elephant zombie (Lair:3)
  11 ogres
  13 wolves (Lair:5)
  5 centaurs
  A kobold brigand (D:9)
  18 bullfrogs
  A komodo dragon zombie (Lair:3)
  3 gnoll sergeants
  4 wights (D:10)
  2 scorpions (D:5)
  3 killer bees (D:8)
  5 electric eels
  10 howler monkeys
  A vampire bat (D:4)
  Crazy Yiuf (D:2)
  A hound (D:5)
  A jelly (Lair:4)
  3 human zombies (Ossuary)
  19 orc priests
  2 sleepcaps (D:5)
  Ijyb (D:4)
  Terence (D:2)
  4 iguanas
  12 orc wizards
  A boggart simulacrum (D:14)
  3 mummies
  17 gnolls
  3 adders (D:5)
  2 shadow imps
  A white imp (D:6)
  3 ufetubi
  2 adder zombies (Ossuary)
  A worm (D:2)
  4 dart slugs
  6 fire bats
  66 orcs
  2 spectral bats (D:4)
  6 ball pythons
  3 bat skeletons (D:4)
  A bat zombie (D:4)
  7 endoplasms
  5 giant cockroaches
  10 hobgoblins
  5 jackals
  23 kobolds
  6 quokkas
  15 bats
  A bat simulacrum (D:4)
  5 frilled lizards
  15 goblins
  A goblin zombie (Ossuary)
  13 hobgoblin zombies (Ossuary)
  12 kobold zombies (Ossuary)
  6 orc zombies (Ossuary)
  3 rats
923 creatures vanquished.

Vanquished Creatures (others)
  A hydra (Swamp:3)
  A will-o-the-wisp (Swamp:2)
  A bloated husk (Swamp:2)
  A gnoll (D:8)
  8 foxfires
12 creatures vanquished.

Grand Total: 935 creatures vanquished

Notes
Turn   | Place    | Note
-------+----------+-------------------------------------------
     0 | D:1      | pokeman the Deep Elf Hedge Wizard began the quest for the
                  | Orb.
     0 | D:1      | Reached XP level 1. HP: 10/10 MP: 7/7
   120 | D:1      | Found a faded altar of an unknown god.
   240 | D:1      | Reached XP level 2. HP: 15/15 MP: 6/9
   904 | D:2      | Reached skill level 5 in Spellcasting
  1002 | D:2      | Noticed Terence
  1227 | D:2      | Reached XP level 3. HP: 20/20 MP: 8/11
  1231 | D:2      | Learned a level 3 spell: Mephitic Cloud
  1234 | D:2      | Learned a level 2 spell: Call Imp
  1237 | D:2      | Learned a level 2 spell: Blink
  1500 | D:2      | Found a runed translucent door.
  1501 | D:2      | Noticed Crazy Yiuf
  1574 | D:2      | Killed Crazy Yiuf
  1575 | D:2      | Reached skill level 1 in Fighting
  1575 | D:2      | Reached skill level 1 in Armour
  1745 | D:2      | Reached XP level 4. HP: 25/25 MP: 11/13
  1976 | D:2      | Learned a level 3 spell: Stone Arrow
  2022 | D:2      | Killed Terence
  2811 | D:3      | Reached skill level 6 in Spellcasting
  2982 | D:3      | Found a hide-covered altar of Uskayaw.
  2982 | D:3      | Found a glowing golden altar of the Shining One.
  3000 | D:3      | Found a stormy altar of Qazlal.
  3399 | D:3      | Reached XP level 5. HP: 29/29 MP: 12/15
  3519 | D:4      | Found an ornate altar of the Wu Jian Council.
  3529 | D:4      | Found an ancient bone altar of Kikubaaqudgha.
  3714 | D:4      | Noticed a black bear
  3727 | D:4      | Killed a black bear
  3954 | D:4      | Noticed Ijyb
  3970 | D:4      | Killed Ijyb
  3971 | D:4      | Reached XP level 6. HP: 34/34 MP: 15/17
  4385 | D:4      | Reached skill level 7 in Spellcasting
  4385 | D:4      | Reached skill level 1 in Air Magic
  4430 | D:4      | Reached skill level 1 in Earth Magic
  4430 | D:4      | Reached skill level 1 in Evocations
  4724 | D:5      | Entered Level 5 of the Dungeon
  4748 | D:5      | Found a sparkling altar of Nemelex Xobeh.
  4757 | D:5      | Noticed Edmund
  4770 | D:5      | Reached skill level 1 in Poison Magic
  4780 | D:5      | Noticed Pikel
  4789 | D:5      | Killed Edmund
  4790 | D:5      | Reached XP level 7. HP: 22/38 MP: 1/20
  4970 | D:5      | Found a broken altar of Ashenzari.
  5130 | D:5      | a hound changed into a shapeshifter
  5130 | D:5      | Noticed a shapeshifter (shapeshifter)
  5130 | D:5      | a shapeshifter changed into a basilisk
  5130 | D:5      | Noticed a basilisk (shapeshifter)
  5131 | D:5      | a basilisk changed into a raiju
  5131 | D:5      | Noticed a raiju (shapeshifter)
  5135 | D:5      | Reached skill level 8 in Spellcasting
  5370 | D:5      | a bullfrog changed into a golden eye
  5370 | D:5      | Noticed a golden eye (shapeshifter)
  5372 | D:5      | a golden eye changed into a shapeshifter
  5372 | D:5      | Noticed a shapeshifter (shapeshifter)
  5372 | D:5      | a shapeshifter changed into a harpy
  5372 | D:5      | Noticed a harpy (shapeshifter)
  5373 | D:5      | a harpy changed into a shapeshifter
  5373 | D:5      | Noticed a shapeshifter (shapeshifter)
  5373 | D:5      | a shapeshifter changed into a jumping spider
  5373 | D:5      | Noticed a jumping spider (shapeshifter)
  5386 | D:5      | a jumping spider changed into a shapeshifter
  5386 | D:5      | Noticed a shapeshifter (shapeshifter)
  5386 | D:5      | a shapeshifter changed into a yak
  5386 | D:5      | Noticed a yak (shapeshifter)
  5389 | D:5      | a yak changed into a golden eye
  5389 | D:5      | Noticed a golden eye (shapeshifter)
  5398 | D:5      | Killed a golden eye
  5575 | D:5      | Found a shimmering altar of Xom.
  5886 | D:6      | Noticed Maggie
  5893 | D:6      | Killed Maggie
  5894 | D:6      | Reached skill level 9 in Spellcasting
  5894 | D:6      | Reached XP level 8. HP: 43/43 MP: 4/23
  6084 | D:6      | Reached skill level 5 in Conjurations
  6269 | D:6      | Found the +7 staff of the Meek {protect, meekguard}
  7095 | D:7      | Noticed a slime creature
  7096 | D:7      | Noticed a slime creature
  7189 | D:7      | Killed a slime creature
  7190 | D:7      | Reached skill level 5 in Dodging
  7190 | D:7      | Reached skill level 10 in Spellcasting
  7285 | D:7      | Killed a slime creature
  7348 | D:7      | Noticed a slime creature
  7359 | D:7      | Killed a slime creature
  7360 | D:7      | Reached XP level 9. HP: 48/48 MP: 12/25
  7490 | D:7      | Noticed Prince Ribbit
  7496 | D:7      | Killed Prince Ribbit
  7497 | D:7      | Reached skill level 11 in Spellcasting
  7786 | D:7      | Found a staircase to the Ecumenical Temple.
  7797 | Temple   | Entered the Ecumenical Temple
  7806 | Temple   | Became a worshipper of Vehumet
  7898 | D:6      | Killed Pikel
  7899 | D:6      | Reached skill level 5 in Earth Magic
  8101 | D:8      | Got a tattered book
  8186 | D:8      | Reached skill level 12 in Spellcasting
  8323 | D:8      | Found a sand-covered staircase.
  8334 | Ossuary  | Entered an ossuary
  8374 | Ossuary  | Reached * piety under Vehumet
  8374 | Ossuary  | Offered knowledge of Kiss of Death by Vehumet.
  8380 | Ossuary  | Learned a level 3 spell: Ignite Poison
  8503 | Ossuary  | Reached ** piety under Vehumet
  8799 | D:8      | Offered knowledge of Scorch by Vehumet.
  8800 | D:8      | Reached skill level 1 in Transmutations
  8807 | D:8      | Reached skill level 1 in Fire Magic
  8807 | D:8      | Reached XP level 10. HP: 53/53 MP: 18/28
  9122 | D:8      | Found an opulent altar of Gozag.
  9409 | D:9      | Reached skill level 13 in Spellcasting
  9492 | D:9      | Noticed Joseph
  9510 | D:9      | Killed Joseph
  9546 | D:9      | Offered knowledge of Frozen Ramparts by Vehumet.
  9915 | D:9      | Reached *** piety under Vehumet
 10095 | D:9      | Noticed Erica
 10105 | D:9      | Killed Erica
 10527 | D:10     | Entered Level 10 of the Dungeon
 10548 | D:10     | Reached skill level 14 in Spellcasting
 10683 | D:10     | Reached XP level 11. HP: 60/60 MP: 19/31
 10746 | D:10     | Found a flagged portal.
 10764 | Bailey   | Entered a bailey
 10805 | Bailey   | Offered knowledge of Fulminant Prism by Vehumet.
 10818 | Bailey   | Identified the +13 crystal plate armour of Veqecafa {rF+
                  | Int+3}
 11168 | Bailey   | Noticed an orc knight
 11204 | Bailey   | Killed an orc knight
 11204 | Bailey   | Reached **** piety under Vehumet
 11617 | D:10     | Found a blossoming altar of Fedhas.
 11672 | D:10     | You are sucked into a shaft and drop 3 floors!
 11765 | D:12     | Noticed a centaur warrior
 11771 | D:12     | Killed a centaur warrior
 11895 | D:12     | Noticed a two-headed ogre
 11899 | D:12     | Killed a two-headed ogre
 11987 | D:11     | Offered knowledge of Olgreb's Toxic Radiance by Vehumet.
 11988 | D:11     | Reached skill level 5 in Fire Magic
 12046 | D:11     | Identified the +0 ring mail "Oploaxac" {Fly Int+8 Dex-4
                  | Stlth-}
 12121 | D:10     | Noticed a two-headed ogre
 12127 | D:10     | Killed a two-headed ogre
 12128 | D:10     | Reached skill level 15 in Spellcasting
 12656 | D:10     | Noticed a two-headed ogre
 12661 | D:10     | Killed a two-headed ogre
 12775 | D:11     | Found a staircase to the Lair.
 13118 | D:11     | Noticed a tengu warrior
 13127 | D:11     | Killed a tengu warrior
 13304 | D:11     | Reached XP level 12. HP: 59/66 MP: 25/33
 13426 | D:11     | Reached skill level 16 in Spellcasting
 13961 | D:12     | Learned a level 5 spell: Fireball
 13967 | D:12     | Learned a level 5 spell: Iskenderun's Battlesphere
 13975 | D:12     | Learned a level 7 spell: Orb of Destruction
 14026 | D:12     | Found a staircase to the Orcish Mines.
 14126 | D:12     | Found a runed translucent door.
 14126 | D:12     | Noticed abessonov's ghost (journeyman TeSu)
 14472 | D:13     | Noticed Snorg
 14478 | D:13     | Killed Snorg
 14479 | D:13     | Reached skill level 5 in Armour
 14479 | D:13     | Reached skill level 10 in Conjurations
 14634 | D:13     | Noticed a five-headed hydra
 14637 | D:13     | Killed a five-headed hydra
 14983 | D:13     | Reached skill level 17 in Spellcasting
 15099 | D:13     | Noticed a centaur warrior
 15102 | D:13     | Killed a centaur warrior
 15554 | D:13     | Noticed a catoblepas
 15564 | D:13     | Killed a catoblepas
 15712 | D:13     | Noticed a two-headed ogre
 15714 | D:13     | Killed a two-headed ogre
 16011 | D:14     | Noticed a vault guard
 16013 | D:14     | Noticed a two-headed ogre
 16014 | D:14     | Killed a vault guard
 16017 | D:14     | Noticed a two-headed ogre
 16018 | D:14     | Noticed a vault guard
 16019 | D:14     | Noticed an ogre mage
 16152 | D:14     | Noticed a tengu warrior
 16153 | D:14     | Reached XP level 13. HP: 72/72 MP: 23/36
 16307 | D:14     | Noticed a fire dragon
 16395 | Lair:1   | Entered Level 1 of the Lair of Beasts
 16547 | Lair:1   | Reached ***** piety under Vehumet
 16547 | Lair:1   | Offered knowledge of Plasma Beam by Vehumet.
 16548 | Lair:1   | Reached skill level 10 in Earth Magic
 16735 | Lair:1   | Reached skill level 5 in Fighting
 17195 | Lair:1   | Reached skill level 18 in Spellcasting
 17207 | Lair:1   | Reached skill level 1 in Shields
 18712 | Lair:2   | Noticed Gastronok
 18727 | Lair:2   | Killed Gastronok
 19163 | Lair:2   | Found a staircase to the Swamp.
 19558 | Lair:3   | Found a staircase to the Snake Pit.
 19941 | Lair:3   | Reached XP level 14. HP: 44/80 MP: 28/38
 20364 | Lair:3   | Learned a level 6 spell: Starburst
 20658 | Lair:4   | Reached skill level 19 in Spellcasting
 21382 | Lair:4   | Found a staircase to the Slime Pits.
 21382 | Lair:4   | Found a viscous altar of Jiyva.
 22405 | Lair:5   | Entered Level 5 of the Lair of Beasts
 22621 | Lair:5   | Found a dark tunnel.
 22719 | Volcano  | Entered a volcano
 22773 | Volcano  | Found a burning altar of Makhleb.
 23146 | Lair:5   | Offered knowledge of Iskenderun's Mystic Blast by Vehumet.
 23303 | Lair:5   | Reached skill level 20 in Spellcasting
 24224 | Lair:5   | Reached skill level 10 in Fire Magic
 25422 | D:14     | Reached skill level 5 in Shields
 25422 | D:14     | Reached XP level 15. HP: 63/84 MP: 26/41
 25611 | D:14     | Offered knowledge of Irradiate by Vehumet.
 26463 | D:14     | Reached skill level 21 in Spellcasting
 26636 | D:14     | Found a gate to the Vaults.
 27215 | D:15     | Entered Level 15 of the Dungeon
 28044 | D:15     | Reached ****** piety under Vehumet
 28049 | D:15     | Offered knowledge of Eringya's Noxious Bog by Vehumet.
 28821 | D:15     | Found a staircase to the Depths.
 28855 | D:15     | Found a runed translucent gate.
 28855 | D:15     | Found a runed translucent gate.
 28855 | D:15     | Found a runed translucent gate.
 28881 | D:15     | Noticed Umuuc's ghost (journeyman DsGl)
 28931 | D:15     | Found a shimmering blue altar of Sif Muna.
 29112 | D:15     | Killed Umuuc's ghost
 29291 | D:12     | Killed abessonov's ghost
 29394 | Orc:1    | Entered Level 1 of the Orcish Mines
 29399 | Orc:1    | Reached XP level 16. HP: 76/88 MP: 28/43
 29405 | Orc:1    | Reached skill level 22 in Spellcasting
 29707 | Orc:1    | You are sucked into a shaft and drop 1 floor!
 29707 | Orc:2    | Entered Level 2 of the Orcish Mines
 30569 | Orc:2    | Found a staircase to the Elven Halls.
 30723 | Orc:1    | Noticed Nergalle
 30726 | Orc:1    | Killed Nergalle
 31107 | Orc:2    | Found Wor Recs's General Store.
 31174 | Orc:2    | Found Zetox's General Store.
 31179 | Orc:2    | Offered knowledge of Freezing Cloud by Vehumet.
 31193 | Orc:2    | Learned a level 5 spell: Freezing Cloud
 31220 | Orc:2    | Bought a potion of magic for 96 gold pieces
 31222 | Orc:2    | Bought a potion of heal wounds for 70 gold pieces
 31222 | Orc:2    | Bought a potion of heal wounds for 70 gold pieces
 31568 | Orc:2    | Reached skill level 1 in Ice Magic
 32138 | Orc:2    | Found Nestraiw's Book Shop.
 32138 | Orc:2    | Found Fait's Antique Weapon Boutique.
 32139 | Orc:2    | Found a one-way gate leading to the halls of Pandemonium.
 32738 | Swamp:1  | Entered Level 1 of the Swamp
 32994 | Swamp:1  | Found a runed translucent gate.
 32996 | Swamp:1  | Found a runed translucent gate.
 32997 | Swamp:1  | Found a runed translucent gate.
 32998 | Swamp:1  | Noticed Vutso's ghost (adept DsSh)
 32999 | Swamp:1  | Noticed Leufodd's ghost (adept VSCK)
 32999 | Swamp:1  | Noticed Ozxa's ghost (adept DjCA)
 34260 | Swamp:2  | Reached skill level 23 in Spellcasting
 34344 | Swamp:2  | Identified the +10 spear "Olozigalli" {vamp, rF+ rN+ Int-3}
 34464 | Swamp:2  | Identified the +4 short sword of Kesiskuu {holy, rPois}
 35168 | Swamp:3  | Offered knowledge of Spellforged Servitor by Vehumet.
 35401 | Swamp:4  | Entered Level 4 of the Swamp
 35495 | Swamp:4  | Reached XP level 17. HP: 93/93 MP: 18/46
 36654 | Swamp:4  | Got a decaying rune of Zot
 36877 | Snake:1  | Entered Level 1 of the Snake Pit
 36878 | Snake:1  | Noticed Asterion
 36878 | Snake:1  | Found Voedyus's Antique Armour Emporium.
 36895 | Snake:1  | Found Daxaetoc's General Store.
 36904 | Snake:1  | Bought a potion of curing for 57 gold pieces
 36904 | Snake:1  | Bought a scroll of teleportation for 57 gold pieces
 36928 | Snake:1  | Found a frozen archway.
 36930 | Snake:1  | HP: 1/93 [naga sharpshooter/arrow (16)]
 36931 | IceCv    | Entered an ice cave
 36931 | IceCv    | Succumbed to a naga mage's splash of poison

Illustrated notes

Levels and vault maps discovered:
D:1:      psy_arrival_dodecagon, layout_rooms, ebering_ecumenical_altar_box
D:2:      layout_basic, uniq_terence, uniq_crazy_yiuf_cottage
D:3:      layout_basic, overflow_temple_1_default,
          gammafunk_temple_overflow_elements, minmay_close_crescents
D:4:      nicolae_cairo_tiling_large_dashed, layout_basic,
          nicolae_overflow_squiral, goddamned_bats, uniq_ijyb
D:5:      layout_loops_ring, marbit_many_paths, nicolae_overflow_hidden_temple,
          kennysheep_little_box, minmay_manual_monolith, uniq_pikel, uniq_edmund
D:6:      layout_basic, pf_guarded_unrand_meek, uniq_maggie
D:7:      layout_gridville, minmay_temple_entry_junction_2, uniq_prince_ribbit1
D:8:      layout_basic, gup_ossuary_entry_pyramid, kennysheep_diamond
D:9:      layout_loops_ring, uniq_joseph, uniq_erica
D:10:     layout_roguey, fedhas_altar_3, enter_bailey_4
D:11:     layout_rooms, dpeg_oklobed_lair
D:12:     layout_cave_pools, orc_0_dummy, gammafunk_ghost_grave
D:13:     layout_stronghold, serial_park_tiny_1, uniq_snorg
D:14:     layout_rooms, lightli_vaults_fourway_checkpoint
D:15:     hellmonk_depths_entry_around_the_bend, layout_basic,
          ebering_ghost_rock_garden, minmay_stone_trees_small,
          kennysheep_orc_sif_temple
Temple:   cyrus_circular_temple
Lair:1:   layout_cave_pods, lemuel_fruit_tree
Lair:2:   layout_hall_layers, palyth_hydra_swamp_entry,
          infiniplex_staircase_pool, uniq_gastronok
Lair:3:   pond_and_an_island_with_a_cottage, layout_gridlike,
          minmay_snake_entry_guardpost_medium
Lair:4:   layout_regular_city, minmay_slime_entry_pillars, wad_woods_road_02
Lair:5:   hangedman_lair_caniforms_friends, layout_big_grid,
          nicolae_volcano_entry_batcave
Swamp:1:  layout_basic_swamp, gammafunk_ghost_cemetery,
          hangedman_swamp_ruin_wall
Swamp:2:  layout_falls_marsh, evilmike_swamp_ruin_house_5
Swamp:3:  layout_falls_marsh, evilmike_swamp_ruin_wall
Swamp:4:  swamp, layout_basic_swamp
Snake:1:  layout_rooms, portal_ice_cave_entry_ice_statue_two, minmay_shop_star,
          uniq_asterion
Orc:1:    layout_diamond_mine, nicolae_orc_lava_tube, uniq_nergalle
Orc:2:    pf_orc_diabolical, layout_caves, minmay_orc_temple_a
IceCv:    ice_cave_caverns_01

Skill      XL: |  1  2  3  4  5  6  7  8  9 10 11 12 13 14 15 16 17 |
---------------+----------------------------------------------------+-----
Spellcasting   | 5 6 7 9 10 12 14 15 17 18 20 21 23 | 23.9
Fighting       | 1 2 3 4 6 |  6.0
Armour         | 1 2 3 4 5 |  5.3
Conjurations   | 2 3 4 5 7 8 9 10 11 12 13 14 | 14.8
Dodging        | 3 4 5 |  5.1
Stealth        | 3 4 |  4.1
Air Magic      | 1 |  1.0
Earth Magic    | 1 3 4 6 7 8 9 10 11 12 13 14 | 14.2
Evocations     | 1 |  1.0
Poison Magic   | 1 |  1.1
Transmutations | 1 |  1.0
Fire Magic     | 1 4 5 7 8 10 11 12 | 12.9
Shields        | 2 5 6 7 8 |  8.0
Ice Magic      | 1 |  1.0
Summonings     | |  1.1
Translocations | |  1.1

Action                     |  1- 3 |  4- 6 |  7- 9 | 10-12 | 13-15 | 16-18 || total
---------------------------+-------+-------+-------+-------+-------+-------++-------
  Melee: Dagger            |     2 |       |       |       |       |       ||     2
         Quarterstaff      |       |    39 |   185 |    75 |       |       ||   299
         Whip              |       |       |     5 |       |       |       ||     5
         Staff             |       |       |       |       |    69 |    25 ||    94
         Punch             |       |       |       |       |     1 |       ||     1
   Cast: Magic Dart        |    98 |   126 |    55 |    70 |    40 |    23 ||   412
         Mephitic Cloud    |     3 |     8 |    33 |    36 |     6 |       ||    86
         Call Imp          |     2 |     2 |     4 |       |     1 |       ||     9
         Blink             |       |     1 |     1 |     2 |     3 |     1 ||     8
         Stone Arrow       |       |       |    36 |   206 |    52 |    35 ||   329
         Ignite Poison     |       |       |     1 |    16 |       |       ||    17
         Fireball          |       |       |       |    20 |   429 |   270 ||   719
         Orb of Destructio |       |       |       |     1 |    18 |     1 ||    20
         Iskenderun's Batt |       |       |       |     1 |    11 |     1 ||    13
         Starburst         |       |       |       |       |    25 |    21 ||    46
  Evoke: Wand              |       |       |     6 |     2 |     1 |     2 ||    11
    Use: Scroll            |       |       |       |    14 |     7 |     9 ||    30
   Stab: Confused          |     1 |     6 |    12 |     7 |     1 |       ||    27
         Sleeping          |       |     1 |     3 |       |       |       ||     4
 Armour: Robe              |    10 |    46 |    33 |       |       |       ||    89
         Steam dragon scal |       |       |    60 |    68 |       |       ||   128
         Skin              |       |       |     7 |       |       |       ||     7
         Acid dragon scale |       |       |       |    13 |   163 |    41 ||   217
         Swamp dragon scal |       |       |       |       |       |    44 ||    44
  Dodge: Dodged            |    12 |    60 |   196 |    93 |   108 |    37 ||   506
  Block: Buckler           |       |       |       |       |       |    18 ||    18

Table legend: (Time is in decaauts)
 A = Elapsed time spent in this place.
 B = Non-inter-level travel time spent in this place.
 C = Inter-level travel time spent in this place.
 D = Time resting spent in this place.
 E = Time spent auto-exploring this place.
 F = Levels seen in this place.
 G = Mean time per level.
                   A        B        C        D        E       F      G
               +--------+--------+--------+--------+--------+-----+--------+
         Total |  37088 |  34612 |   2476 |   4354 |  24371 |  32 | 1159.0 |
       Dungeon |  19750 |  18144 |   1606 |   1767 |  13411 |  15 | 1316.7 |
        Temple |    104 |     86 |     18 |      0 |      0 |   1 |  104.0 |
          Lair |   8491 |   8074 |    417 |    998 |   6082 |   5 | 1698.2 |
         Swamp |   4085 |   3880 |    205 |    894 |   2500 |   4 | 1021.2 |
     Snake Pit |     53 |     53 |      0 |      0 |      0 |   1 |   53.0 |
  Orcish Mines |   3058 |   2830 |    228 |    373 |   1763 |   2 | 1529.0 |
       Ossuary |    315 |    315 |      0 |      0 |    119 |   1 |  315.0 |
        Bailey |    836 |    836 |      0 |    164 |    409 |   1 |  836.0 |
      Ice Cave |      0 |      0 |      0 |      0 |      0 |   1 |    0.0 |
       Volcano |    392 |    392 |      0 |    158 |     87 |   1 |  392.0 |
               +--------+--------+--------+--------+--------+-----+--------+

Top non-repeatable levels by time:
    D:13: 2629 daAuts
  Lair:5: 2135 daAuts
   Orc:2: 2073 daAuts
  Lair:4: 1931 daAuts
    D:15: 1879 daAuts
  Lair:1: 1621 daAuts
  Lair:2: 1515 daAuts
     D:9: 1507 daAuts
     D:6: 1358 daAuts
    D:14: 1357 daAuts
     D:3: 1322 daAuts
  Lair:3: 1288 daAuts
     D:2: 1282 daAuts
     D:4: 1250 daAuts
     D:8: 1249 daAuts
